 Dungeon Crawl Stone Soup version 0.21.0 (webtiles) character file.

679 mopl the Carver (level 7, -4/40 HPs)
             Began as a Tengu Skald on Jan 7, 2018.
             Killed by divine providence
             ... invoked by an orc priest
              (13 damage)
             ... on level 4 of the Dungeon.
             The game lasted 00:06:45 (3767 turns).

mopl the Carver (Tengu Skald)                       Turns: 3767, Time: 00:06:46

Health: -4/40      AC:  6    Str: 12    XL:     7   Next: 60%
Magic:  4/11       EV: 11    Int: 14    God:
Gold:   128        SH:  3    Dex: 14    Spells: 2/10 levels left

rFire    . . .     SeeInvis .   a - +0 falchion
rCold    . . .     Gourm    .   (no shield)
rNeg     . . .     Faith    .   m - +0 ring mail
rPois    .         Spirit   .   (helmet restricted)
rElec    .         Reflect  +   (no cloak)
rCorr    .         Harm     .   k - +0 pair of gloves
MR       .....                  (boots unavailable)
Stlth    +.........             e - +3 amulet of reflection
HPRegen  0.13/turn              (no ring)
MPRegen  0.12/turn              (no ring)

@: infused (expiring)
A: beak, talons 3, able to fly 1
a: Fly


You were on level 4 of the Dungeon.
You were not hungry.

You visited 1 branch of the dungeon, and saw 4 of its levels.

You collected 128 gold pieces.

Inventory:

Hand Weapons
 a - a +0 falchion (weapon)
 b - a +0 short sword of venom
Missiles
 g - 2 javelins (quivered)
 t - 7 poisoned needles
Armour
 k - a +0 pair of gloves (worn)
 m - a +0 ring mail (worn)
 p - a cursed +0 leather armour
Jewellery
 e - a +3 amulet of reflection (around neck)
Scrolls
 f - a scroll of amnesia {unknown}
 j - 2 scrolls of blinking {unknown}
 l - 2 scrolls of magic mapping {unknown}
 q - a scroll of identify
 u - a scroll of teleportation {unknown}
Potions
 h - a potion of heal wounds
 n - a potion of haste
 o - 2 potions of magic
 r - 2 potions of cancellation
 v - 2 potions of flight
Books
 c - a book of Battle

   Spells                             Type                      Level
   a - Infusion                       Charms                       1
   b - Shroud of Golubria             Charms/Translocation         2
   c - Song of Slaying                Charms                       2
   d - Spectral Weapon                Hexes/Charms                 3
   e - Regeneration                   Charms/Necromancy            3
Comestibles
 d - 6 rations
 i - 9 chunks of flesh


   Skills:
 - Level 2.0 Fighting
 + Level 9.1 Long Blades
 - Level 1.1 Armour
 - Level 2.1 Dodging
 - Level 2.0 Spellcasting
 - Level 2.4 Charms


You had 2 spell levels left.
You knew the following spells:

 Your Spells              Type           Power        Failure   Level  Hunger
a - Infusion              Chrm           #...         21%         1    ##.....
b - Song of Slaying       Chrm           #.......     30%         2    ###....
c - Spectral Weapon       Hex/Chrm       #.......     69%         3    ####...
f - Shroud of Golubria    Chrm/Tloc      #.........   45%         2    ###....


Dungeon Overview and Level Annotations

Branches:
Dungeon (4/15)
 Temple: D:4-7

Altars:
Sif Muna
The Shining One


Innate Abilities, Weirdness & Mutations

You have a beak for a mouth.
You have claws for feet.
You can fly.


Message History

Unknown command.
You barely miss the orc wizard. You claw the orc wizard.
The orc wizard is heavily wounded.
The orc wizard gestures at you while chanting.
The puff of flame hits you!
* * * LOW HITPOINT WARNING * * *
The orc hits you.
* * * LOW HITPOINT WARNING * * *
You hit the orc wizard. You claw the orc wizard.
The orc wizard is severely wounded.
The orc wizard casts a spell at you.
The puff of flame reflects off an invisible shield around you!
The puff of flame hits the orc wizard.
You kill the orc wizard!
Unknown command.
You hit the orc!
You kill the orc!
The orc priest calls down the wrath of Beogh upon you.
Beogh smites you!
You die...

#### .... ... #.#.#
#.. #.#.## #.. #
#..... #.o .# #...
#.###.###.#
###.#####<...[@.).#
#....<..#######.###
#...)...# #.#
#.......# #.#
#......(# #.#
##.......# #.#
#..÷.....# #.#
#........#
####.######
##.##...###
#......†..#


You could see an orc priest.

Vanquished Creatures
  A scorpion (D:4)
  A jelly (D:3)
  2 orc priests (D:4)
  6 orc wizards
  Jessica (D:3)
  3 iguanas (D:4)
  2 worker ants (D:4)
  5 adders
  4 gnolls
  4 worms
  7 dart slugs
  4 leopard geckos
  14 orcs
  2 giant cockroaches
  8 goblins
  9 hobgoblins
  7 quokkas
  A ball python (D:1)
  4 bats
  5 frilled lizards
  7 kobolds
  4 rats
101 creatures vanquished.

Notes
Turn   | Place    | Note
-------+----------+-------------------------------------------
     0 | D:1      | mopl the Tengu Skald began the quest for the Orb.
     0 | D:1      | Reached XP level 1. HP: 12/12 MP: 4/4
   102 | D:1      | Reached skill level 3 in Long Blades
   102 | D:1      | Reached XP level 2. HP: 15/17 MP: 6/6
   106 | D:1      | Learned a level 2 spell: Song of Slaying
   109 | D:1      | Learned a level 2 spell: Shroud of Golubria
   252 | D:1      | Reached XP level 3. HP: 19/21 MP: 4/7
   265 | D:1      | Reached skill level 4 in Long Blades
   786 | D:2      | Reached XP level 4. HP: 11/26 MP: 5/8
  1193 | D:2      | Reached skill level 5 in Long Blades
  1780 | D:3      | Gained mutation: You can fly. [Tengu growth]
  1780 | D:3      | Reached XP level 5. HP: 21/30 MP: 7/9
  2002 | D:3      | Learned a level 3 spell: Spectral Weapon
  2063 | D:3      | Reached skill level 6 in Long Blades
  2492 | D:3      | Noticed Jessica
  2507 | D:3      | Killed Jessica
  2507 | D:3      | Reached XP level 6. HP: 33/35 MP: 8/10
  2516 | D:3      | Found a deep blue altar of Sif Muna.
  2713 | D:4      | Reached skill level 7 in Long Blades
  3332 | D:4      | Reached skill level 8 in Long Blades
  3332 | D:4      | Reached XP level 7. HP: 25/40 MP: 6/11
  3730 | D:4      | Found a glowing golden altar of the Shining One.
  3762 | D:4      | Reached skill level 9 in Long Blades
  3767 | D:4      | Killed from afar by an orc priest

Skill      XL: |  1  2  3  4  5  6  7 |
---------------+----------------------+-----
Long Blades    | 3 4 5 6 8 9 |  9.1
Fighting       | |  2.0
Armour         | |  1.1
Dodging        | |  2.1
Spellcasting   | |  2.0
Charms         | |  2.4

Action                   |  1- 3 |  4- 6 |  7- 9 || total
-------------------------+-------+-------+-------++-------
Melee: Falchion          |    68 |   160 |    50 ||   278
       Kick              |    19 |    44 |    13 ||    76
       Peck              |    11 |    27 |     5 ||    43
Throw: Javelin           |       |     1 |       ||     1
 Cast: Infusion          |     8 |    14 |     2 ||    24
       Shroud of Golubri |       |     4 |       ||     4
       Song of Slaying   |       |     2 |     1 ||     3
  Use: Potion            |       |     1 |     3 ||     4
       Scroll            |       |       |     4 ||     4
  Eat: Chunk             |       |     9 |     2 ||    11
Armor: Leather armour    |     5 |       |       ||     5
       Ring mail         |     5 |    44 |     9 ||    58
Dodge: Dodged            |    41 |    73 |    12 ||   126
Block: Other             |     5 |    25 |     3 ||    33
       Reflection        |     2 |       |     1 ||     3
       Rpst.: Falchion   |    15 |    23 |     4 ||    42
